 Dungeon Crawl Stone Soup version 0.26-a0-104-gef3e9dd61f (webtiles) character file.

Game seed: 6571779325598824645

0 Gargoyl the Skirmisher (level 1, -12/19 HPs)
             Began as a Centaur Abyssal Knight on June 22, 2020.
             Was a Follower of Lugonu.
             Killed from afar by a smoke demon (20 damage)
             ... with a ball of steam
             ... on level 3 of the Abyss.
             The game lasted 00:01:56 (399 turns).

Gargoyl the Skirmisher (Centaur Abyssal Knight)      Turns: 399, Time: 00:01:56

Health: -12/19     AC:  4    Str: 14    XL:     1   Next: 0%
Magic:  2/2        EV:  9    Int: 11    God:    Lugonu [*.....]
Gold:   36         SH:  0    Dex:  8    Spells: 0/0 levels left

rFire    . . .     SeeInvis .   a - +1 hand axe
rCold    . . .     Gourm    .   (no shield)
rNeg     . . .     Faith    .   b - +0 leather armour
rPois    .         Spirit   .   (no helmet)
rElec    .         Reflect  .   (no cloak)
rCorr    .         Harm     .   (no gloves)
MR       .....     Rnd*Tele +   (no barding)
Stlth    ..........             (no amulet)
HPRegen  0.06/turn              (no ring)
MPRegen  0.08/turn              (no ring)

@: very quick
A: large, hooves 3, deformed body, speed 2, teleportitis 1, tough skin 3
a: Depart the Abyss, Renounce Religion


You were on level 3 of the Abyss.
You worshipped Lugonu.
Lugonu was aware of your devotion.
You were not hungry.

You visited 0 branches of the dungeon, and saw 0 of its levels.
You visited the Abyss 1 time.

You collected 36 gold pieces.

Inventory:

Hand Weapons
 a - a +1 hand axe (weapon)
Armour
 b - a +0 leather armour (worn)
Wands
 d - a wand of flame (11)
Scrolls
 e - a scroll of identify
Comestibles
 c - a ration


   Skills:
 + Level 3.0 Fighting
 + Level 1.7 Axes
 + Level 1.3 Armour
 + Level 0.6 Dodging
 + Level 2.0 Invocations


You couldn't memorise any spells.
You didn't know any spells.
Your spell library was empty.

Dungeon Overview and Level Annotations

Branches:
Dungeon (0/15)

Altars:


Innate Abilities, Weirdness & Mutations

You have hooves in place of feet.
Armour fits poorly on your strangely shaped body.
You cover ground very quickly.
You have extremely tough skin. (AC +3)
You are occasionally teleported next to monsters.


Message History

The flying skull barely misses you.
There are monsters nearby!
A large abomination comes into view.
A fire dragon skeleton comes into view.
The flying skull barely misses you.
The flying skull disappears in a puff of smoke!
A small abomination comes into view.
A small abomination comes into view.
Found 18 stones.
A mana viper comes into view.
A smoke demon comes into view.
The smoke demon roars!
You hear a screech!
An orange demon and a zombie come into view.
The orange demon screeches!
The orange demon stings you from afar!
Ouch! That really hurt!
The smoke demon gestures at you. The ball of steam hits you!!
Ouch! That really hurt!
You die...

.# #. .# Z# .##.
.##Z .. ##.3#.
...###. §
..#...#...... .#
#.§#.4. ... ..#
#.X..# ..#...#
...##..#§##.....#
...#...§#....#
#..##.x@..# #.
.#...#...#
####.x.### .....
#..
.#..####...≈.≈.
#...#.#....≈# +##
.#####.. ##..#
....#..#...#
#......##§ ####
.##..≈#


You could see 2 small abominations and a minotaur zombie.

Vanquished Creatures (others)
  4 starspawn tentacles (Abyss:2)
4 creatures vanquished.

Notes
Turn   | Place    | Note
-------+----------+-------------------------------------------
     0 | Abyss:1  | Gargoyl the Centaur Abyssal Knight began the quest for the
                  | Orb.
     0 | Abyss:1  | Reached XP level 1. HP: 19/19 MP: 2/2
    55 | Abyss:2  | Noticed a large abomination
    87 | Abyss:2  | Noticed a large abomination
   107 | Abyss:2  | Noticed a hell knight
   107 | Abyss:2  | Noticed a hell knight
   108 | Abyss:2  | Noticed a sun demon
   110 | Abyss:2  | Noticed a hell knight
   157 | Abyss:2  | Noticed a tentacled starspawn
   173 | Abyss:2  | Noticed a small abomination
   180 | Abyss:2  | Noticed a chaos spawn
   193 | Abyss:2  | Noticed a smoke demon
   208 | Abyss:2  | Noticed an iron dragon zombie
   238 | Abyss:3  | Noticed a neqoxec
   241 | Abyss:3  | Gained mutation: You are occasionally teleported next to
                  | monsters. [a neqoxec]
   264 | Abyss:3  | Noticed a shadow
   273 | Abyss:3  | Noticed a small abomination
   276 | Abyss:3  | Noticed a large abomination
   296 | Abyss:3  | Noticed a vampire mage
   297 | Abyss:3  | Noticed a wraith
   297 | Abyss:3  | Noticed a flying skull
   297 | Abyss:3  | Noticed a vampire
   297 | Abyss:3  | Noticed a manticore simulacrum
   297 | Abyss:3  | Noticed a raiju
   303 | Abyss:3  | Noticed a small abomination
   304 | Abyss:3  | Noticed a large abomination
   311 | Abyss:3  | Noticed an ettin
   333 | Abyss:3  | Noticed a large abomination
   335 | Abyss:3  | Noticed a fire dragon skeleton
   359 | Abyss:3  | Noticed a small abomination
   361 | Abyss:3  | Noticed a small abomination
   380 | Abyss:3  | Noticed a mana viper
   395 | Abyss:3  | Noticed a smoke demon
   396 | Abyss:3  | Noticed a large abomination
   397 | Abyss:3  | Noticed a minotaur zombie
   397 | Abyss:3  | Noticed an orange demon
   399 | Abyss:3  | Killed from afar by a smoke demon

Illustrated notes

Levels and vault maps discovered:
Abyss:3:  minivault_23, evilmike_abyss_rune_ettins, hangedman_abyss_shoalhut,
          hangedman_abyss_shoalhut

Action                   || total
-------------------------++-------
  Use: Scroll            ||     2
       Potion            ||     1
Armor: Leather armour    ||     5
Dodge: Dodged            ||    15

Table legend:
 A = Non-vault XP
 B = Vault XP
 C = Vault XP percentage of total XP
 D = Non-vault monster count
 E = Vault monster count
 F = Vault count percentage of total count
                 A         B        C        D         E       F
            +---------+---------+-------+---------+---------+-------
      Total |       0 |       0 |   N/A |       0 |       0 |  -nan
            +---------+---------+-------+---------+---------+-------
            +---------+---------+-------+---------+---------+-------
